 Dungeon Crawl Stone Soup version 0.31-a0-4-gefa6de2278 (webtiles) character file.

Game seed: 15055427966176608240

380 quinnr the Gusty (level 6, -6/35 HPs)
             Began as a Tengu Air Elementalist on May 4, 2023.
             Killed by divine providence
             ... invoked by an orc priest
              (12 damage)
             ... on level 4 of the Dungeon.
             The game lasted 00:08:32 (3679 turns).

quinnr the Gusty (Tengu Air Elementalist)           Turns: 3679, Time: 00:08:34

Health: -6/35      AC:  3    Str:  8    XL:     6   Next: 75%
Magic:  1/11       EV: 16    Int: 17    God:
Gold:   94         SH:  0    Dex: 15    Spells: 4/11 levels left

rFire   . . .        g - +1 whip (freeze)
rCold   . . .        (no shield)
rNeg    . . .        a - +0 robe
rPois   .            (helmet restricted)
rElec   .            (no cloak)
rCorr   .            p - +0 pair of gloves
SInv    +            (boots unavailable)
Will    .....        (no amulet)
Stlth   +++          (no ring)
HPRegen 0.25/turn    (no ring)
MPRegen 0.12/turn

%: no passive effects
@: flying quickly and evasively, very slightly contaminated, quick
A: beak, talons 3, nimble flight, see invisible, MP-powered wands
a: no special abilities


You were on level 4 of the Dungeon.
You visited 1 branch of the dungeon, and saw 5 of its levels.

You collected 94 gold pieces.


Innate Abilities, Weirdness & Mutations

You have a beak for a mouth.
You have claws for feet.
Your magical nature lets you fly swiftly and evasively.
You have supernaturally acute eyesight. (SInv)
You expend magic power (3 MP) to strengthen your wands.


   Skills:
 - Level 2.0 Fighting
 + Level 3.7 Dodging
 - Level 4.0 Stealth
 + Level 3.2 Spellcasting
 - Level 2.0 Conjurations
 - Level 6.0 Air Magic


You had 4 spell levels left.
You knew the following spells:

 Your Spells              Type           Power      Damage    Failure   Level
a - Airstrike             Air            11%        2d(2-18)  14%         4
t - Static Discharge      Conj/Air       32%        2-4/arc   4%          2
z - Shock                 Conj/Air       64%        1d7       3%          1

Your spell library contained the following spells:

 Spells                   Type           Power      Damage    Failure   Level
 Swiftness                Air            23%        N/A       4%          3
 Ignite Poison            Fire/Tmut/Pois 2%         N/A       45%         3
 Sticky Flame             Conj/Fire      6%         2d3       75%         4
 Ignition                 Fire           1%         3d3       100%        8

Inventory:

Hand Weapons
 g - a +1 whip of freezing (weapon)
Armour
 a - a +0 robe (worn)
 p - a +0 pair of gloves (worn)
Jewellery
 m - an amulet of faith {!P}
Scrolls
 b - a scroll of summoning {unknown}
 c - a scroll of noise {unknown}
 e - a scroll of fog {unknown}
 f - 3 scrolls of enchant armour {unknown}
 h - 3 scrolls of enchant weapon
 n - 2 scrolls of teleportation {@r2}
 o - a scroll of amnesia {unknown}
 r - a scroll of blinking {unknown}
 s - a scroll of poison {unknown}
Potions
 d - 3 potions of brilliance
 i - 2 potions of degeneration {unknown}
 l - a potion of lignification
 q - 2 potions of haste {@q3}
 t - a potion of curing {@q1}
 u - a potion of might

Dungeon Overview and Level Annotations

Branches:
Dungeon (5/15)
 Temple: D:4-7

Altars:

Shops:
D:1 ? D:2

= ......####)....#
#.# #.........
.......)....####
#.# #.........
.........[..# #.#
####...#..
.........# ##.###
#...#.. .........#
#..[.# ##...#..
....###### #....#
#....... ....
#######....#
#.###### ###
#....o.....#
#.#..... #
#..o@).....#
#.#.###.
#.######...o).....#
#.#.....
#.................#
#.#.....
................###
#.'.....
................#
###.....
................#
#.....
..).....#########
#..... o.......#
#..... ........#
#.....


You could see 2 orc priests and an orc wizard (invisible).


Message History

You are confused.
Unknown command.
The orc closely misses you.
You barely miss the orc.
The orc priest shouts!
Your peck misses the orc. You punch the orc.
The orc is lightly wounded.
The orc hits you with a +0 falchion.
The orc priest invokes the aid of Beogh against you.
Beogh smites you!
You hit the orc priest. You freeze the orc priest.
The orc priest is heavily wounded.
The orc closely misses you. The orc priest closely misses you.
The orc wizard barely misses you. The orc priest completely misses you.
Unknown command.
Okay, then.
You hit the orc. You freeze the orc.
You kill the orc!
You feel less confused.
The orc wizard hits you with a +0 dagger.
The orc priest invokes the aid of Beogh against you.
Beogh smites you!
* * * LOW HITPOINT WARNING * * *
The orc priest closely misses you.
The orc wizard gestures at you while chanting.
The magic dart hits you.
* * * LOW HITPOINT WARNING * * *
The orc priest invokes the aid of Beogh against you.
Beogh smites you!
You die...

Skill      XL: |  1  2  3  4  5  6 |
---------------+-------------------+-----
Air Magic      | 5 6 |  6.0
Fighting       | 1 2 |  2.0
Stealth        | 3 4 |  4.0
Conjurations   | 2 |  2.0
Dodging        | 3 |  3.7
Spellcasting   | 3 |  3.2

Action                     |  1- 3 |  4- 6 || total
---------------------------+-------+-------++-------
  Melee: Unarmed           |     3 |    10 ||    13
         Kick              |     2 |     8 ||    10
         Whip              |       |     5 ||     5
         Punch             |       |     1 ||     1
   Cast: Shock             |    51 |   111 ||   162
         Airstrike         |       |     1 ||     1
    Use: Potion            |       |     5 ||     5
         Scroll            |       |     7 ||     7
 Armour: Robe              |       |     6 ||     6
  Dodge: Dodged            |     2 |    29 ||    31

Levels and vault maps discovered:
D:1:      onia_arrival_mini_maze_b, layout_loops_ring, serial_forest,
          infiniplex_forest_lined_room_3, infiniplex_forest_clump_medium,
          infiniplex_forest_clump_small, infiniplex_forest_lined_3_way,
          infiniplex_forest_lined_corner, infiniplex_forest_clump_diagonal,
          serial_shops, shop, chequers_serial_rivers_large_b
D:2:      layout_loops_corners, serial_shops, nicolae_shop_hallway_plus
D:3:      layout_basic
D:4:      layout_basic, uniq_robin, uniq_blork_the_orc
D:5:      layout_loops_ring, vehumet_altar_wand_db,
          hangedman_abyss_or_decor_stagger, uniq_duvessa, uniq_menkaure

Notes
Turn   | Place    | Note
-------+----------+-------------------------------------------
     0 | D:1      | quinnr the Tengu Air Elementalist began the quest for the
                  | Orb.
     0 | D:1      | Reached XP level 1. HP: 10/10 MP: 4/4
   163 | D:1      | Found Gaesis's Magic Scroll Emporium.
   165 | D:1      | You fall into a shaft and drop 1 floor!
   249 | D:2      | Reached XP level 2. HP: 15/15 MP: 1/6
   363 | D:2      | Reached skill level 5 in Air Magic
   433 | D:2      | Found Osua's Jewellery Shop.
   747 | D:2      | Reached XP level 3. HP: 19/19 MP: 0/7
  1362 | D:3      | Reached skill level 6 in Air Magic
  1838 | D:3      | Reached XP level 4. HP: 24/24 MP: 5/8
  1908 | D:3      | Reached skill level 1 in Fighting
  2350 | D:4      | Noticed Robin
  2370 | D:4      | Reached skill level 3 in Stealth
  2370 | D:4      | Killed Robin
  2562 | D:4      | Gained mutation: Your magical nature lets you fly swiftly
                  | and evasively. [Tengu growth]
  2562 | D:4      | Reached XP level 5. HP: 29/29 MP: 4/9
  2675 | D:4      | Reached skill level 4 in Stealth
  2771 | D:4      | Reached skill level 2 in Fighting
  2892 | D:4      | Reached skill level 2 in Conjurations
  3004 | D:4      | Reached XP level 6. HP: 35/35 MP: 2/10
  3071 | D:4      | Reached skill level 3 in Dodging
  3078 | D:4      | Noticed Blork the orc
  3096 | D:5      | Entered Level 5 of the Dungeon
  3112 | D:4      | Gained mutation: You expend magic power (3 MP) to
                  | strengthen your wands. [potion of mutation]
  3112 | D:4      | Gained mutation: You have supernaturally acute eyesight.
                  | (SInv) [potion of mutation]
  3125 | D:4      | HP: 3/35 [poisoned by a gnoll bouda]
  3394 | D:4      | Killed Blork the orc
  3395 | D:4      | Reached skill level 3 in Spellcasting
  3648 | D:4      | Learned a level 2 spell: Static Discharge
  3653 | D:4      | Learned a level 4 spell: Airstrike
  3679 | D:4      | Killed from afar by an orc priest

Vanquished Creatures
  Blork the orc (D:4)
  A scorpion (D:4)
  A howler monkey (D:4)
  A gnoll bouda (D:4)
  An iguana (D:4)
  Robin (D:4)
  A gnoll (D:4)
  8 adders
  An ufetubus (D:4)
  2 worms
  10 orcs
  2 bats (D:3)
  4 endoplasms
  A giant cockroach (D:4)
  10 goblins (D:4)
  8 hobgoblins
  A quokka (D:4)
  3 ball pythons
  2 frilled lizards
  5 kobolds
64 creatures vanquished.

Table legend: (Time is in decaauts)
 A = Elapsed time spent in this place.
 B = Non-inter-level travel time spent in this place.
 C = Inter-level travel time spent in this place.
 D = Time resting spent in this place.
 E = Time spent auto-exploring this place.
 F = Levels seen in this place.
 G = Mean time per level.
                   A        B        C        D        E       F      G
               +--------+--------+--------+--------+--------+-----+--------+
         Total |   3624 |   3519 |    105 |    208 |   2803 |   5 |  724.8 |
       Dungeon |   3624 |   3519 |    105 |    208 |   2803 |   5 |  724.8 |
               +--------+--------+--------+--------+--------+-----+--------+

Top non-repeatable levels by time:
     D:4: 1419 daAuts
     D:2: 1028 daAuts
     D:3: 1009 daAuts
     D:1: 165 daAuts
     D:5: 1 daAuts

Table legend:
 A = Non-vault XP
 B = Vault XP
 C = Vault XP percentage of total XP
 D = Non-vault monster count
 E = Vault monster count
 F = Vault count percentage of total count
                 A         B        C        D         E       F
            +---------+---------+-------+---------+---------+-------
      Total |     416 |     130 |  23.8 |      51 |      13 |  20.3
            +---------+---------+-------+---------+---------+-------
        D:1 |       3 |       0 |   0.0 |       2 |       0 |   0.0
        D:2 |      36 |       0 |   0.0 |       6 |       0 |   0.0
        D:3 |      64 |       0 |   0.0 |      15 |       0 |   0.0
        D:4 |     313 |     130 |  29.3 |      28 |      13 |  31.7
            +---------+---------+-------+---------+---------+-------

Levels and vault maps discovered:
D:1:      onia_arrival_mini_maze_b, layout_loops_ring, serial_forest,
          infiniplex_forest_lined_room_3, infiniplex_forest_clump_medium,
          infiniplex_forest_clump_small, infiniplex_forest_lined_3_way,
          infiniplex_forest_lined_corner, infiniplex_forest_clump_diagonal,
          serial_shops, shop, chequers_serial_rivers_large_b
D:2:      layout_loops_corners, serial_shops, nicolae_shop_hallway_plus
D:3:      layout_basic
D:4:      layout_basic, uniq_robin, uniq_blork_the_orc
D:5:      layout_loops_ring, vehumet_altar_wand_db,
          hangedman_abyss_or_decor_stagger, uniq_duvessa, uniq_menkaure
